 Dungeon Crawl Stone Soup version 0.28.0 (webtiles) character file.

Game seed: 5197090419043891369

65 SnakkuSnakku7 the Changer (level 3, -2/20 HPs)
             Began as a Deep Elf Transmuter on Feb 8, 2022.
             Slain by Natasha (9 damage)
             ... on level 3 of the Dungeon.
             The game lasted 00:03:03 (1356 turns).

SnakkuSnakku7 the Changer (Deep Elf Transmuter)     Turns: 1356, Time: 00:03:04

Health: -2/20      AC:  2    Str:  7    XL:     3   Next: 94%
Magic:  8/9        EV: 12    Int: 19    God:
Gold:   119        SH:  0    Dex: 15    Spells: 7/8 levels left

rFire   . . .      SeeInvis .     - Unarmed
rCold   . . .      Faith    .   (no shield)
rNeg    . . .      Spirit   .   a - +0 robe
rPois   .          Reflect  .   (helmet currently unavailable)
rElec   .          Harm     .   (no cloak)
rCorr   .          Rampage  .   (no gloves)
Will    .....                   (boots currently unavailable)
Stlth   +.........              f - amulet of regeneration
HPRegen 0.86/turn               (no ring)
MPRegen 0.11/turn               (no ring)

@: appendages
A: horns 2, talons 2
a: End Transformation


You were on level 3 of the Dungeon.
You had temporarily grown beastly horns and talons.
You visited 1 branch of the dungeon, and saw 3 of its levels.

You collected 119 gold pieces.

Inventory:

Missiles
 b - 2 poisoned darts
Armour
 a - a +0 robe (worn)
Jewellery
 f - an amulet of regeneration (around neck)
Scrolls
 e - a scroll of noise {unknown}
 g - 3 scrolls of blinking {unknown}
 h - a scroll of acquirement {unknown}
 i - a scroll of holy word {unknown}
 k - a scroll of enchant armour {unknown}
Potions
 c - a potion of flight {unknown}
 d - a potion of attraction {unknown}
 j - a potion of might {unknown}


   Skills:
 - Level 0.7 Fighting
 - Level 2.4 Dodging
 + Level 3.1 Unarmed Combat
 - Level 3.0 Spellcasting
 - Level 1.4 Necromancy
 + Level 3.4 Transmutations


You had 7 spell levels left.
You knew the following spells:

 Your Spells              Type           Power      Damage    Failure   Level
a - Beastly Appendage     Tmut           32%        N/A       3%          1

Your spell library contained the following spells:

 Spells                   Type           Power      Damage    Failure   Level
 Wereblood                Tmut           16%        N/A       5%          2
 Animate Skeleton         Necr           16%        N/A       9%          1
 Pain                     Necr           32%        1d5       9%          1
 Spider Form              Tmut/Pois      9%         N/A       22%         3
 Vampiric Draining        Necr           8%         2d6       26%         3
 Ice Form                 Ice/Tmut       9%         N/A       58%         4


Dungeon Overview and Level Annotations

Branches:
Dungeon (3/15)

Altars:

Annotations:
D:2 Terence
D:3 Natasha


Innate Abilities, Weirdness & Mutations

You have temporarily grown beastly horns and talons.


Message History

You closely miss the bat. The bat hits you. The bat misses you.
You see here a scroll labelled MOF GERE EBLU.
You closely miss the bat. The bat hits you but does no damage.
You hit the bat.
The bat is severely wounded.
The bat hits you but does no damage.
You closely miss the bat.
The bat is severely wounded.
The bat hits you but does no damage. The bat closely misses you.
You hit the bat.
You kill the bat!
No target in view!
k - a scroll labelled MOF GERE EBLU You now have 94 gold pieces (gained 4).
Things that are here:
a +0 dagger; a giant cockroach corpse; a kobold corpse You see here a ball python corpse.
You now have 104 gold pieces (gained 10).
You see here a giant cockroach corpse.
You see here a ball python corpse.
Found a leather armour.
You now have 119 gold pieces (gained 15).
You see here a +0 leather armour.
Natasha, Servant of Life and Death comes into view.
Natasha hisses angrily.
Casting: Beastly Appendage (safe; 3% risk of failure)
Confirm with . or Enter, or press ? or * to list all spells.
You grow a pair of large bovine horns.
Your feet morph into talons.
Natasha claws you.
You barely miss Natasha. You claw Natasha.
Natasha is lightly wounded.
Natasha extends her claws.
Natasha casts a spell at you. The magic dart hits you!
You are too injured to fight recklessly!
You barely miss Natasha. You claw Natasha. Your headbutt misses Natasha.
Natasha is moderately wounded.
Natasha claws you!
You die...

...........########.##
#.#.#..##### ###...#
.......# #...#.#
#.#.#[.# #.#...#
.....### #.#####
#.#.## #.# ..###
##########.#### ...#
#..<..#...h...#
...####.....#.##@##.#
...)).......# #.# #
#..####.....# #.. ##.#
#.....# #### .###
####### ..# .....#
..##.# .## #


You could see Natasha.

Vanquished Creatures
  A hound (D:3)
  A worm (D:2)
  A dart slug (D:2)
  5 ball pythons
  An endoplasm (D:3)
  3 giant cockroaches
  3 goblins
  4 hobgoblins
  6 bats
  2 frilled lizards (D:2)
  2 kobolds (D:3)
  3 rats
32 creatures vanquished.

Vanquished Creatures (others)
  8 plants (D:1)
  3 withered plants (D:1)
11 creatures vanquished.

Grand Total: 43 creatures vanquished

Notes
Turn   | Place    | Note
-------+----------+-------------------------------------------
     0 | D:1      | SnakkuSnakku7 the Deep Elf Transmuter began the quest for
                  | the Orb.
     0 | D:1      | Reached XP level 1. HP: 11/11 MP: 6/6
   132 | D:1      | Reached skill level 1 in Necromancy
   325 | D:1      | Found a faded altar of an unknown god.
   679 | D:2      | Reached XP level 2. HP: 16/16 MP: 6/8
  1021 | D:2      | Noticed Terence
  1245 | D:3      | Reached XP level 3. HP: 8/20 MP: 7/9
  1351 | D:3      | Noticed Natasha
  1356 | D:3      | Slain by Natasha

Illustrated notes

Levels and vault maps discovered:
D:1:      matt_arrival_diagonals, layout_rooms, serial_curves, eino_curves_03,
          eino_curves_04, shapermc_ecumenical_altar_flowoftime
D:2:      layout_basic, uniq_terence
D:3:      layout_loops_cross, grunt_ministairs_14, st_stairs_8, uniq_sigmund,
          uniq_natasha, uniq_ijyb

Skill      XL: |  1  2 |
---------------+-------+-----
Necromancy     | 1 |  1.4
Unarmed Combat | 3 |  3.1
Transmutations | 3 |  3.4
Fighting       | |  0.7
Dodging        | |  2.4
Spellcasting   | |  3.0

Action                   || total
-------------------------++-------
Melee: Unarmed           ||   139
       Kick              ||    21
       Headbutt          ||     7
       Punch             ||     2
 Cast: Beastly Appendage ||    15
Armor: Robe              ||    48
Dodge: Dodged            ||    96
